Map: 프로스트 - 래더

Players

uthermy (uThermal)

  • Race: Terran Terran

hydra - Winner!

  • Race: Zerg Zerg
  • League: Platinum

Event: DreamHack ZOWIE Open Valencia 2016

VOD

Have the link to the VOD?

Description

Time

  • Played on: July 14, 2016, 2:20 p.m.
  • Length: 10:22

All games in this series

Show
View Real Time Build Order
Export as new Build Order

uthermy Terran 

Build Orders: Reaper Expand, MMM Bio 

Get SALT Encoding   

  12  0:02  SCV  
  13  0:14  SCV  
  14  0:17  Supply Depot  
  14  0:26  SCV  
  15  0:39  SCV  
  15  0:40  Barracks  
  16  0:44  Refinery  
  16  0:51  SCV  
  17  1:03  SCV  
  18  1:15  SCV  
  19  1:27  Reaper  
  19  1:28  Orbital Command  
  20  1:43  Command Center  
  20  1:53  Supply Depot  
  20  1:54  SCV  
  20  1:59  Marine  
  22  2:06  SCV  
  23  2:11  Factory  
  23  2:18  SCV  
  23  2:20  Barracks Reactor  
  24  2:30  SCV  
  24  2:34  Refinery  
  25  2:42  SCV  
  26  2:54  SCV  
  26  2:58  Starport  
  27  2:59  Orbital Command  
  27  3:02  Hellion x2  
  31  3:06  Barracks Tech Lab  
  31  3:07  SCV  
  32  3:19  SCV  
  33  3:23  Hellion x2  
  33  3:25  SCV  
  38  3:28  Marine  
  38  3:29  Stimpack  
  38  3:31  SCV  
  40  3:37  SCV  
  40  3:41  Medivac  
  43  3:42  Supply Depot  
  43  3:47  SCV  
  43  3:49  Marine  
  44  3:58  Factory Reactor  
  44  4:01  SCV x2, Barracks  
  44  4:02  Barracks  
  46  4:07  Marine  
  47  4:11  Viking  
  47  4:13  Supply Depot, SCV  
  47  4:16  SCV  
  51  4:25  Marine, SCV  
  51  4:28  SCV, Refinery  
  51  4:29  Engineering Bay  
  54  4:37  SCV  
  55  4:39  Supply Depot  
  55  4:40  SCV  
  55  4:43  Factory Reactor  
  56  4:47  Starport Reactor  
  56  4:49  SCV  
  57  4:56  SCV  
  57  4:57  Supply Depot  
  57  4:59  Marine  
  56  5:00  Marine x2  
  56  5:02  Marine x2  
  61  5:11  SCV x2, Barracks x2  
  63  5:18  Armory  
  63  5:19  Marine, Hellion x2  
  68  5:24  Supply Depot  
  68  5:26  Medivac x2  
  68  5:28  Marine x2  
  72  5:32  Supply Depot  
  72  5:33  Marine  
  72  5:35  Marine  
  75  5:37  Marine  
  75  5:39  Combat Shields  
  77  5:45  Hellion  
  77  5:47  Supply Depot  
  77  5:48  Marine, Hellion  
  82  5:50  Marine  
  83  5:58  Barracks Reactor  
  83  5:59  Marine, Barracks Reactor  
  83  6:01  Marine x2  
  86  6:05  Supply Depot  
  86  6:06  Marine  
  86  6:07  Hellion  
  86  6:09  Hellion  
  91  6:12  Marine  
  91  6:17  Marine  
  93  6:19  Marine, Terran Infantry Weapons Level 1  
  93  6:22  Marine  
  95  6:25  Supply Depot  
  95  6:26  Supply Depot  
  95  6:29  Hellion  
  95  6:31  Marine  
  95  6:32  Marine  
  99  6:35  Marine  
  99  6:37  Marine  
  99  6:43  SCV  
  99  6:44  SCV  
  96  6:48  Marine x5  
  96  6:49  Marine x2  
  96  6:52  Marine  
  104  6:55  Marine, SCV  
  87  7:06  Marine x5  
  87  7:07  Marine  
  82  7:13  Marine, Medivac x2  
  80  7:16  Marine x2  
  80  7:18  Hellion x2  
  86  7:23  Marine  
  86  7:24  Marine x3  
  86  7:28  Marine  
  86  7:29  Marine  
  92  7:30  Marine  
  92  7:34  Marine x2  
  95  7:40  Hellion x2  
  99  7:46  Marine x2  
  99  7:49  Medivac  
  103  7:53  Medivac  
  103  7:54  Command Center  
  83  8:08  Marine  
  83  8:09  Marine x8  
  83  8:11  Hellion  
  84  8:14  Hellion  
  85  8:26  Marine x2  
  87  8:27  Marine x5, Hellion x3  
  87  8:31  Marine  
  87  8:32  Hellion  
  95  8:35  Hellion  
  95  8:37  Marine  
  98  8:44  Marine x2, Medivac  
  98  8:45  Marine  
  98  8:46  Marine  
  98  8:47  Marine  
  105  8:53  Marine  
  105  8:54  Marine x2  
  108  8:56  Medivac  
  108  8:57  Hellion  
  108  9:01  Hellion  
  108  9:02  Marine x2  
  115  9:08  Missile Turret  
  116  9:14  Marine x2  
  116  9:17  Marine x2, Orbital Command, Missile Turret  
  116  9:21  Hellion  
  116  9:24  Hellion  
  122  9:26  Marine x2  
  122  9:29  Marine x2  
  122  9:30  Marine  
  127  9:32  Marine  
  127  9:38  Marine x2  
  124  9:42  Marine  
  126  9:51  Marine  
  126  9:52  Marine x4  
  121  9:53  Marine  
  121  9:55  Hellion x2  
  129  10:00  Marine  
Show
View Real Time Build Order
Export as new Build Order

hydra Zerg - Winner!

Build Orders: Hatch First, Muta Ling Bane 

Get SALT Encoding   

  12  0:00  Drone  
  13  0:12  Overlord  
  13  0:16  Drone  
  14  0:30  Drone x2  
  14  0:34  Drone  
  17  0:51  Hatchery  
  17  0:54  Drone  
  17  0:57  Drone  
  18  1:07  Extractor  
  17  1:13  Spawning Pool  
  17  1:16  Drone  
  17  1:19  Drone  
  18  1:27  Drone  
  19  1:38  Overlord  
  19  1:59  Queen  
  19  2:00  Zergling x4  
  23  2:03  Drone, Queen  
  26  2:08  Metabolic Boost  
  26  2:12  Drone  
  26  2:14  Drone  
  28  2:21  Drone  
  29  2:24  Drone  
  30  2:32  Drone  
  30  2:35  Queen  
  30  2:36  Drone  
  33  2:44  Pneumatized Carapace  
  33  2:46  Zergling x2  
  33  2:48  Overlord  
  34  2:53  Drone  
  34  2:58  Overlord  
  35  3:07  Drone x3  
  35  3:08  Drone  
  35  3:09  Drone  
  35  3:11  Drone  
  35  3:12  Drone  
  42  3:14  Drone  
  42  3:16  Drone  
  44  3:31  Hatchery  
  43  3:36  Queen  
  43  3:39  Drone  
  46  3:42  Overlord  
  46  3:44  Drone  
  46  3:46  Drone  
  47  3:51  Overlord  
  47  3:52  Drone x2  
  47  3:53  Extractor  
  48  3:57  Drone  
  48  4:03  Drone  
  48  4:04  Drone, Spore Crawler  
  48  4:06  Drone  
  48  4:09  Evolution Chamber  
  49  4:10  Evolution Chamber  
  49  4:11  Queen  
  49  4:15  Zergling x4  
  49  4:16  Zergling x2  
  49  4:17  Zergling x2  
  54  4:22  Zergling x6  
  58  4:31  Zergling x6  
  58  4:35  Zerg Melee Weapons Level 1, Zerg Ground Armor Level 1  
  60  4:39  Lair  
  60  4:49  Drone  
  60  4:50  Drone x6  
  67  4:57  Baneling Nest, Overlord  
  66  5:01  Overlord  
  66  5:14  Overlord x2  
  66  5:16  Drone x4  
  66  5:18  Drone  
  66  5:19  Drone  
  66  5:21  Spore Crawler  
  71  5:27  Drone x3  
  74  5:29  Drone x3  
  74  5:30  Drone  
  74  5:31  Drone  
  79  5:36  Drone x3  
  79  5:37  Drone  
  79  5:38  Extractor  
  79  5:41  Centrifical Hooks  
  82  5:44  Zergling x6  
  82  5:47  Baneling x4  
  85  5:50  Extractor, Queen  
  85  5:55  Drone  
  88  5:57  Drone, Extractor  
  88  5:58  Extractor  
  88  5:59  Overlord  
  88  6:03  Zergling x8  
  90  6:05  Overlord  
  90  6:09  Overseer  
  89  6:16  Spire  
  88  6:19  Drone  
  88  6:21  Zergling x2  
  88  6:22  Zergling x14  
  88  6:24  Baneling x4  
  97  6:27  Baneling  
  97  6:32  Zergling x10  
  102  6:34  Baneling x3  
  102  6:45  Zergling x12  
  104  6:52  Zergling x2  
  105  6:59  Zergling x16  
  93  7:05  Zergling x2  
  87  7:12  Zergling x2  
  87  7:13  Zergling x8  
  93  7:17  Zergling x6  
  92  7:27  Baneling x2  
  92  7:28  Zergling x8, Baneling x2  
  96  7:30  Zerg Ground Armor Level 2, Zerg Melee Weapons Level 2  
  96  7:32  Zergling x2  
  96  7:33  Baneling x10  
  97  7:39  Zergling x10  
  97  7:42  Hatchery  
  101  7:54  Overlord x3  
  101  7:57  Zergling x6  
  85  8:09  Zergling x10  
  83  8:19  Mutalisk x3  
  89  8:22  Mutalisk x4  
  96  8:28  Baneling x3  
  96  8:30  Zergling x10  
  101  8:37  Mutalisk  
  102  8:48  Drone  
  102  8:49  Drone x4  
  102  8:55  Zergling x18  
  111  8:59  Baneling x2  
  111  9:00  Baneling x13  
  116  9:07  Overlord x3  
  116  9:15  Mutalisk x3  
  122  9:19  Drone  
  122  9:20  Drone x4  
  127  9:29  Mutalisk x2  
  131  9:37  Zergling x2  
  131  9:38  Zergling x18  
  141  9:40  Baneling x8  
  141  9:42  Zergling x4  
  138  9:53  Zergling x2  
  138  9:54  Zergling x18  
  138  9:58  Baneling x8  
  147  10:03  Zergling x2  
  147  10:04  Zergling x6  
  147  10:06  Baneling x8  

Tags
 
Add a new tag
Caveats
  • Supply blocks, unpowered buildings, or Contaminate may cause inaccurate times.
  • Supply counts are checked every 10 seconds.